 Dungeon Crawl Stone Soup version 0.32-a0-450-g080537f31e (webtiles) character file.

Game seed: 13817847934027717412

329 CougarLife the Digger (level 6, 0/32 HPs)
             Began as a Gargoyle Earth Elementalist on Feb 24, 2024.
             Slain by a gnoll
             ... wielding a +0 halberd of freezing
              (12 damage)
             ... on level 3 of the Dungeon.
             The game lasted 00:01:40 (2155 turns).

CougarLife the Digger (Gargoyle Earth Elementalist) Turns: 2155, Time: 00:01:41

Health: 0/32       AC: 12    Str: 12    XL:     6   Next: 50%
Magic:  2/11       EV: 11    Int: 17    God:
Gold:   127        SH:  0    Dex: 10    Spells: 8/12 levels left

rFire   . . .        f - +0 dagger
rCold   . . .        (no shield)
rNeg    + . .        a - +0 robe
rPois   ∞            (no helmet)
rElec   +            p - +2 cloak
rCorr   .            q - +1 Delatra's gloves {ID++}
SInv    .            d - +0 pair of boots
Will    .....        l - amulet of magic regeneration
Stlth   ++           (no ring)
HPRegen 0.25/turn    (no ring)
MPRegen 0.52/turn

%: no passive effects
@: no status effects
A: sickness immunity, AC +4, negative energy resistance 1, electricity
resistance, torment resistance 1, petrification resistance
a: no special abilities


You were on level 3 of the Dungeon.
You visited 1 branch of the dungeon, and saw 3 of its levels.

You collected 127 gold pieces.

Inventory:

Hand Weapons
 f - a +0 dagger (weapon)
Armour
 a - a +0 robe (worn)
 d - a +0 pair of boots (worn)
 p - a +2 cloak (worn)
 q - the +1 Delatra's gloves (worn) {ID++}
   (You found it on level 3 of the Dungeon)

   ID++:      It heals its wearer when they drink unknown potions, and restores
   their MP when they read unknown scrolls.
Jewellery
 l - an amulet of magic regeneration (around neck)
Scrolls
 c - 2 scrolls of identify {unknown}
 e - 2 scrolls of immolation {unknown}
 j - a scroll of poison {unknown}
 n - a scroll of noise {unknown}
 o - a scroll of summoning {unknown}
Potions
 b - 3 potions of magic
 g - 2 potions of brilliance {unknown}
 h - a potion of lignification {unknown}
 i - a potion of attraction {unknown}
 k - a potion of haste {unknown}
 m - a potion of enlightenment {unknown}


   Skills:
 - Level 1.5 Dodging
 - Level 2.1 Stealth
 + Level 3.9 Spellcasting
 + Level 4.0 Conjurations
 + Level 5.6 Earth Magic


You had 8 spell levels left.
You knew the following spells:

 Your Spells              Type           Power      Damage    Failure   Level
a - Sandblast             Erth           44%        2d11      1%          1
b - Stone Arrow           Conj/Erth      38%        3d9       6%          3

Your spell library contained the following spells:

 Spells                   Type           Power      Damage    Failure   Level
 Passwall                 Erth           22%        N/A       4%          3
 Brom's Barrelling Bould  Conj/Erth      19%        2d4       22%         4
 Petrify                  Alch/Erth      12%        N/A       45%         4


Dungeon Overview and Level Annotations

Branches:
Dungeon (3/15)

Altars:


Innate Abilities, Weirdness & Mutations

You are immune to sickness and miasma.
Your stone body is resilient. (AC +4)
You are immune to poison.
You resist negative energy. (rN+)
You are resistant to electric shocks. (rElec)
You are resistant to unholy torment.
You are immune to petrification.


Message History

Your Conjurations skill increases to level 4!
Casting: Sandblast (safe; 1% risk of failure)
Confirm with . or Enter, or press ? or * to list all spells.
Aiming: Sandblast (safe; 1% risk of failure)
Press: ? - help, Shift-Dir - straight line, f/p - gnoll
Aim: a gnoll, wielding a +0 spear (severely wounded, 85% to hit)
The blast of sand hits the gnoll.
The gnoll is almost dead.
The gnoll completely misses you. The gnoll closely misses you.
The gnoll hits you from afar with a +0 halberd of freezing!
The gnoll freezes you.
* * * LOW HITPOINT WARNING * * *
The gnoll closely misses you.
Casting: Sandblast (safe; 1% risk of failure)
Confirm with . or Enter, or press ? or * to list all spells.
Aiming: Stone Arrow (quite dangerous; 7% risk of failure)
Press: ? - help, Shift-Dir - straight line, f/p - gnoll
Aim: a gnoll, wielding a +0 spear (almost dead, 72% to hit)
The stone arrow misses the gnoll.
The gnoll misses you. The gnoll barely misses you.
Casting: Stone Arrow (quite dangerous; 7% risk of failure)
Confirm with . or Enter, or press ? or * to list all spells.
Aiming: Stone Arrow (quite dangerous; 7% risk of failure)
Press: ? - help, Shift-Dir - straight line, f/p - gnoll
Aim: a gnoll, wielding a +0 spear (almost dead, 72% to hit)
The stone arrow hits the gnoll!
You kill the gnoll!
The gnoll barely misses you. The gnoll closely misses you.
You see here a +0 whip.
Okay, then.
Casting: Stone Arrow (dangerous; 6% risk of failure)
Confirm with . or Enter, or press ? or * to list all spells.
Aiming: Stone Arrow (dangerous; 6% risk of failure)
Press: ? - help, Shift-Dir - straight line, f - gnoll
Aim: a gnoll, wielding a +0 halberd of freezing (72% to hit)
The stone arrow hits the gnoll!
The gnoll is heavily wounded.
The gnoll hits you from afar with a +0 halberd of freezing!
You die...

#.....#
#.....# #.
#.....#
#.....# #.
#(....#
###.### #.
####### #).#
##.# #.# #.##
#..######
##..@.g.# ##
######.# ..#
#.# ...#
####.## ....#
#.....##)...!#
#......<)....#
#.)..###.....#
######....#
....#
#.........#
..##


You could see a gnoll.

Vanquished Creatures
  Sigmund (D:3)
  A scorpion (D:3)
  A jelly (D:3)
  3 gnolls (D:3)
  A dart slug (D:2)
  A ribbon worm (D:3)
  An orc (D:3)
  7 endoplasms
  4 giant cockroaches
  8 goblins
  5 hobgoblins
  3 kobolds (D:3)
  A quokka (D:1)
  4 ball pythons
  7 bats
  5 frilled lizards
  3 rats
56 creatures vanquished.

Notes
Turn   | Place    | Note
-------+----------+-------------------------------------------
     0 | D:1      | CougarLife the Gargoyle Earth Elementalist began the quest
                  | for the Orb.
     0 | D:1      | Reached XP level 1. HP: 10/10 MP: 3/3
   364 | D:1      | Reached XP level 2. HP: 15/15 MP: 3/5
   574 | D:1      | Reached skill level 4 in Earth Magic
   588 | D:1      | Found a faded altar of an unknown god.
  1007 | D:2      | Reached XP level 3. HP: 19/19 MP: 4/6
  1947 | D:3      | Noticed a scorpion
  1955 | D:3      | Killed a scorpion
  1956 | D:3      | Reached XP level 4. HP: 23/24 MP: 5/8
  1984 | D:3      | Learned a level 3 spell: Stone Arrow
  2029 | D:3      | Reached XP level 5. HP: 28/28 MP: 9/9
  2089 | D:3      | Noticed Sigmund
  2090 | D:3      | Found the +1 Delatra's gloves {ID++}
  2094 | D:3      | Killed Sigmund
  2095 | D:3      | Reached skill level 5 in Earth Magic
  2095 | D:3      | Reached XP level 6. HP: 32/32 MP: 8/11
  2155 | D:3      | Slain by a gnoll

Illustrated notes

Levels and vault maps discovered:
D:1:      dpeg_arrival_water_temple_mockup, layout_basic,
          shapermc_ecumenical_altar_mp_ritualfount
D:2:      layout_basic
D:3:      layout_basic, uniq_sigmund

Skill      XL: |  1  2  3  4  5  6 |
---------------+-------------------+-----
Earth Magic    | 4 5 |  5.6
Conjurations   | 2 3 4 |  4.0
Spellcasting   | 3 |  3.9
Dodging        | |  1.5
Stealth        | |  2.1

Action                     |  1- 3 |  4- 6 || total
---------------------------+-------+-------++-------
  Melee: Dagger            |    20 |     1 ||    21
   Cast: Sandblast         |    66 |    24 ||    90
         Stone Arrow       |       |     5 ||     5
 Armour: Robe              |    30 |    10 ||    40
  Dodge: Dodged            |    34 |    17 ||    51

Table legend: (Time is in decaauts)
 A = Elapsed time spent in this place.
 B = Non-inter-level travel time spent in this place.
 C = Inter-level travel time spent in this place.
 D = Time resting spent in this place.
 E = Time spent auto-exploring this place.
 F = Levels seen in this place.
 G = Mean time per level.
                   A        B        C        D        E       F      G
               +--------+--------+--------+--------+--------+-----+--------+
         Total |   2199 |   2128 |     71 |     63 |   1707 |   3 |  733.0 |
       Dungeon |   2199 |   2128 |     71 |     63 |   1707 |   3 |  733.0 |
               +--------+--------+--------+--------+--------+-----+--------+

Top non-repeatable levels by time:
     D:1: 1018 daAuts
     D:2: 855 daAuts
     D:3: 325 daAuts
